 Dungeon Crawl Stone Soup version 0.25-a0-413-g3b4b6a4ccc (webtiles) character file.

Game seed: 50000111587151514, levelgen mode: deterministic

0 MrRokkomies the Ducker (level 1, -4/11 HPs)
             Began as a Spriggan Abyssal Knight on Jan 16, 2020.
             Was a Follower of Lugonu.
             Slain by a hell knight
             ... wielding a +5 demon trident of piercing
              (15 damage)
             ... on level 1 of the Abyss.
             The game lasted 00:00:34 (134 turns).

MrRokkomies the Ducker (Spriggan Abyssal Knight)     Turns: 134, Time: 00:00:35

Health: -4/11      AC:  2    Str:  8    XL:     1   Next: 0%
Magic:  3/3        EV: 18    Int: 13    God:    Lugonu [*.....]
Gold:   0          SH:  0    Dex: 15    Spells: 0/0 levels left

rFire    . . .     SeeInvis +   a - +1 short sword
rCold    . . .     Gourm    .   (shield restricted)
rNeg     . . .     Faith    .   b - +0 robe
rPois    .         Spirit   .   (helmet restricted)
rElec    .         Reflect  .   (no cloak)
rCorr    .         Harm     .   (gloves unavailable)
MR       .....                  (boots unavailable)
Stlth    +.........             (no amulet)
HPRegen  0.03/turn              (no ring)
MPRegen  0.08/turn              (no ring)

@: very quick
A: very small, unfitting armour, see invisible, herbivore, speed 3, slow
metabolism 2
a: Depart the Abyss, Renounce Religion


You were on level 1 of the Abyss.
You worshipped Lugonu.
Lugonu was aware of your devotion.
You were not hungry.

You visited 0 branches of the dungeon, and saw 0 of its levels.
You visited the Abyss 1 time.

Inventory:

Hand Weapons
 a - a +1 short sword (weapon)
Armour
 b - a +0 robe (worn)
Scrolls
 e - a scroll of enchant weapon {unknown}
 f - a scroll of remove curse {unknown}
Potions
 d - a potion of might {unknown}
Comestibles
 c - a ration


   Skills:
 + Level 2.4 Fighting
 + Level 2.1 Short Blades
 + Level 3.5 Dodging
 + Level 1.7 Invocations


You couldn't memorise any spells.
You didn't know any spells.
Your spell library was empty.

Dungeon Overview and Level Annotations

Branches:
Dungeon (0/15)

Altars:


Innate Abilities, Weirdness & Mutations

You are very small and have problems with some larger weapons.
You are too small for most types of armour.
You have supernaturally acute eyesight. (SInv)
You are a herbivore.
You cover ground extremely quickly.
You need to consume almost no food.


Message History

d - a dark potion
Found a gateway leading out of the Abyss.
There is a gateway leading out of the Abyss here.
There is a gateway leading out of the Abyss here.
e - a scroll labeled PUMNOCZ BIUTUA
Found a gateway leading out of the Abyss.
There is a gateway leading out of the Abyss here.
A wraith comes into view.
f - a scroll labeled URE AJUPSABAUC A tentacled starspawn comes into view.
Tentacles burst from the starspawn's body! 2 starspawn tentacles come into view. 4 hell knights come into view.
A hell knight is wielding a +3 demon trident of flaming.
A hell knight is wielding a +5 demon trident of piercing.
The hell knight shouts! x4
You hit the hell knight.
The hell knight is lightly wounded.
The hell knight hits you with a +5 demon trident of piercing!
Ouch! That really hurt!
You die...

##.##.##..# .
.#..X........ . # ##
..p# .#X#.. .
#.#.####.###. ...##
# . #.ยง.........#
## #.#ppp#
.#.#.#.###.#
#.#.###.#.. .#.# #..
#.p#...# #.#...## .
#.#@##.###..#.###...
#.#.##. # #####..
... ###. . .....#..
# ## . #.#.#..# . .
#. # #.##... .# . #
#. #.. # #. ##... .#
# #..


You could see a hell knight.

Vanquished Creatures (others)
  2 starspawn tentacles (Abyss:1)
2 creatures vanquished.

Notes
Turn   | Place    | Note
-------+----------+-------------------------------------------
     0 | Abyss:1  | MrRokkomies the Spriggan Abyssal Knight began the quest for
                  | the Orb.
     0 | Abyss:1  | Reached XP level 1. HP: 11/11 MP: 3/3
    71 | Abyss:1  | Noticed a wraith
   120 | Abyss:1  | Noticed a tentacled starspawn
   132 | Abyss:1  | Noticed a hell knight
   132 | Abyss:1  | Noticed a hell knight
   132 | Abyss:1  | Noticed a hell knight
   132 | Abyss:1  | Noticed a hell knight
   132 | Abyss:1  | Noticed a hell knight
   134 | Abyss:1  | Slain by a hell knight

Levels and vault maps discovered:
Abyss:1

Action                   || total
-------------------------++-------
Melee: Short sword       ||     1

Table legend:
 A = Non-vault XP
 B = Vault XP
 C = Vault XP percentage of total XP
 D = Non-vault monster count
 E = Vault monster count
 F = Vault count percentage of total count
                 A         B        C        D         E       F
            +---------+---------+-------+---------+---------+-------
      Total |       0 |       0 |   N/A |       0 |       0 |  -nan
            +---------+---------+-------+---------+---------+-------
            +---------+---------+-------+---------+---------+-------
